[Event "ICC tourney 2266 (75 10)"]
[Site "Internet Chess Club"]
[Date "2021.01.02"]
[Round "1"]
[White "HostilePear"]
[Black "creepycrawlies"]
[Result "0-1"]
[ICCResult "White resigns"]
[WhiteElo "1958"]
[BlackElo "2187"]
[Opening "English, 1...Nf6 (Anglo-Indian defense)"]
[ECO "A15"]
[NIC "RE.05"]
[Time "11:02:22"]
[PlyCount "190"]
[TimeControl "4500+10"]

1. c4 Nf6 2. g3 c6 3. Bg2 d5 4. Nf3 Bg4 5. Ne5 Be6 6. cxd5 Bxd5 7. Nf3 c5
8. O-O e6 9. Nc3 Bc6 10. d3 Be7 11. Bf4 Nbd7 12. a3 O-O 13. Rb1 a5 14. a4
Qc8 15. Rc1 Rd8 16. Qc2 b6 17. Rfd1 Qb7 18. Ne1 Bxg2 19. Nxg2 e5 20. Bg5
Nf8 21. Bxf6 Bxf6 22. Ne4 Be7 23. Ne3 Ne6 24. Nf5 g6 25. Nxe7+ Qxe7 26. e3
f5 27. Nd2 Rab8 28. Nf3 Ng5 29. Nxg5 Qxg5 30. Qc4+ Kg7 31. Kg2 Qe7 32. Rd2
Qb7+ 33. Kg1 Rd5 34. Rcd1 Rbd8 35. Qc3 Qd7 36. Qb3 Qc6 37. Qc4 Qf6 38. Qc2
h5 39. h4 f4 40. exf4 exf4 41. Re1 R8d7 42. Qd1 Qf5 43. Re4 fxg3 44. fxg3
Qh3 45. Qe1 Rf7 46. Re7 Rf5 47. Rxf7+ Rxf7 48. Re2 Qd7 49. Qc3+ Kh7 50. Rf2
Rg7 51. Qd2 Qxa4 52. Rf4 Qa2 53. Kh2 Qd5 54. Qe2 Qd7 55. Qf3 Qb7 56. Qf2
Re7 57. Re4 Rxe4 58. dxe4 Qe7 59. Qf4 b5 60. e5 a4 61. Qe4 b4 62. e6 a3 63.
bxa3 bxa3 64. Qd5 Kg7 65. Qe5+ Qf6 66. Qc7+ Kh6 67. e7 Qf2+ 68. Kh3 a2 69.
e8=Q Qf1+ 70. Kh2 Qf2+ 71. Kh3 a1=Q 72. Qf4+ Qxf4 73. gxf4 Qf6 74. Kg3 c4
75. Qc8 c3 76. Kf3 Kh7 77. Qc7+ Qg7 78. Qc4 Kh6 79. Qc8 Kh7 80. Qc4 Qb7+
81. Kg3 Qg7 82. Kf3 Qf6 83. Qc7+ Kh6 84. Qc8 c2 85. Qxc2 Qxh4 86. Qg2 Qf6
87. Qg3 Qc3+ 88. Kg2 Qxg3+ 89. Kxg3 Kg7 90. Kh4 Kf6 91. Kg3 Kf5 92. Kf3 h4
93. Ke3 Kg4 94. Kf2 Kxf4 95. Kg2 Kg4 { White resigns } 0-1

[Event "ICC tourney 2266 (75 10)"]
[Site "Internet Chess Club"]
[Date "2021.01.02"]
[Round "2"]
[White "BBCC2020"]
[Black "mr-sosa"]
[Result "1-0"]
[ICCResult "Black resigns"]
[WhiteElo "2193"]
[BlackElo "2086"]
[Opening "QGD Slav: 3.Nf3"]
[ECO "D11"]
[NIC "SL.01"]
[Time "14:31:33"]
[PlyCount "39"]
[TimeControl "4500+10"]

1. d4 d5 2. c4 c6 3. Nf3 Nf6 4. g3 dxc4 5. Bg2 Bf5 6. Nbd2 e6 7. O-O Bb4 8.
Nxc4 O-O 9. Qb3 Qe7 10. a3 Bd6 11. Nxd6 Qxd6 12. Qxb7 Nbd7 13. Bf4 Qd5 14.
Ne5 Qxd4 15. Nxc6 Qc5 16. Rac1 Qb6 17. Ne7+ Kh8 18. Qxb6 Nxb6 19. Nxf5 exf5
20. Bxa8 { Black resigns } 1-0

[Event "ICC tourney 2266 (75 10)"]
[Site "Internet Chess Club"]
[Date "2021.01.02"]
[Round "2"]
[White "mchessmaster"]
[Black "jy2020"]
[Result "0-1"]
[ICCResult "White resigns"]
[WhiteElo "1955"]
[BlackElo "2213"]
[Opening "Sicilian: Najdorf"]
[ECO "B90"]
[NIC "SI.14"]
[Time "14:31:40"]
[PlyCount "40"]
[TimeControl "4500+10"]

1. e4 c5 2. Nf3 d6 3. d4 cxd4 4. Nxd4 Nf6 5. Nc3 a6 6. f3 e5 7. Nb3 Be6 8.
Be3 h5 9. Be2 Nbd7 10. O-O Rc8 11. f4 b5 12. fxe5 dxe5 13. a3 Qc7 14. Rf2
Nb6 15. Qf1 Nc4 16. Bxc4 bxc4 17. Nd2 Ng4 18. Re2 Nxe3 19. Rxe3 Bc5 20. Re1
Qb6 { White resigns } 0-1

[Event "ICC tourney 2266 (75 10)"]
[Site "Internet Chess Club"]
[Date "2021.01.02"]
[Round "2"]
[White "DLWarrior"]
[Black "e4f5"]
[Result "0-1"]
[ICCResult "White resigns"]
[WhiteElo "1968"]
[BlackElo "2260"]
[Opening "Sicilian: closed, 6.Be3"]
[ECO "B26"]
[NIC "SI.45"]
[Time "14:31:39"]
[PlyCount "58"]
[TimeControl "4500+10"]

1. e4 c5 2. Nc3 d6 3. g3 g6 4. Bg2 Bg7 5. d3 Nc6 6. Be3 e6 7. Qd2 Rb8 8.
Nge2 Nd4 9. f4 Ne7 10. O-O O-O 11. Bxd4 cxd4 12. Nd1 Qb6 13. Nf2 Qxb2 14.
Ng4 f5 15. Nf2 Qb6 16. Rab1 Qc7 17. Rfc1 Bd7 18. c3 Qa5 19. exf5 Nxf5 20.
Bxb7 dxc3 21. Qe1 Qc7 22. Bg2 c2 23. Rxb8 Rxb8 24. Qd2 Rb1 25. d4 Nxd4 26.
Nxd4 Rxc1+ 27. Qxc1 Bxd4 28. Be4 Ba4 29. Kg2 Be3 { White resigns } 0-1

[Event "ICC tourney 2266 (75 10)"]
[Site "Internet Chess Club"]
[Date "2021.01.02"]
[Round "2"]
[White "Ambuli123"]
[Black "andrewjiang2"]
[Result "1-0"]
[ICCResult "Black resigns"]
[WhiteElo "2159"]
[BlackElo "1922"]
[Opening "QGD: classical variation (5.Bf4)"]
[ECO "D37"]
[NIC "QO.04"]
[Time "14:31:38"]
[PlyCount "35"]
[TimeControl "4500+10"]

1. d4 d5 2. c4 e6 3. Nf3 Nf6 4. Nc3 Be7 5. Bf4 O-O 6. e3 b6 7. Bd3 dxc4 8.
Bxc4 Bb7 9. O-O c5 10. dxc5 Bxc5 11. Qe2 Nc6 12. Rfd1 Qe7 13. a3 e5 14. Bg5
Nd8 15. Bd5 h6 16. Bxb7 Nxb7 17. Nd5 Qe6 18. Bxf6 { Black resigns } 1-0

[Event "ICC tourney 2266 (75 10)"]
[Site "Internet Chess Club"]
[Date "2021.01.02"]
[Round "2"]
[White "icyblizzard"]
[Black "gmRohde"]
[Result "0-1"]
[ICCResult "White resigns"]
[WhiteElo "2018"]
[BlackElo "2440"]
[Opening "Sicilian defense"]
[ECO "B40"]
[NIC "SI.43"]
[Time "14:31:54"]
[PlyCount "96"]
[TimeControl "4500+10"]

1. e4 c5 2. Nf3 e6 3. c3 Nf6 4. e5 Nd5 5. d4 cxd4 6. cxd4 d6 7. Nc3 Nc6 8.
Nxd5 exd5 9. Bd3 Bg4 10. exd6 Bxd6 11. Be3 Bb4+ 12. Bd2 Bxd2+ 13. Qxd2 Bxf3
14. gxf3 Qe7+ 15. Qe3 Nxd4 16. O-O-O Qxe3+ 17. fxe3 Nxf3 18. Bb5+ Ke7 19.
Rxd5 Rhd8 20. Rhd1 Rac8+ 21. Kb1 Rxd5 22. Rxd5 Rd8 23. Rc5 Kd6 24. Rh5 Rc8
25. b3 Rc5 26. Rxc5 Kxc5 27. Bd3 Nxh2 28. Bxh7 Ng4 29. Bg8 Ne5 30. Kc2 Kd5
31. Bh7 g6 32. Kc3 Ng4 33. Bg8 Ke6 34. Kd4 Kf6 35. e4 Kg7 36. Kd5 Nf6+ 37.
Kd6 Nxe4+ 38. Kc7 g5 39. Kxb7 g4 40. Kxa7 g3 41. Bxf7 Kxf7 42. b4 g2 43. b5
g1=Q+ 44. b6 Nd6 45. Ka6 Qd4 46. b7 Qa4+ 47. Kb6 Qb4+ 48. Kc6 Nxb7 { White
resigns } 0-1

[Event "ICC tourney 2266 (75 10)"]
[Site "Internet Chess Club"]
[Date "2021.01.02"]
[Round "2"]
[White "yanzhe"]
[Black "brilliantnessme"]
[Result "0-1"]
[ICCResult "White checkmated"]
[WhiteElo "1929"]
[BlackElo "2032"]
[Opening "Queen's gambit declined"]
[ECO "D30"]
[NIC "QP.08"]
[Time "14:31:37"]
[PlyCount "92"]
[TimeControl "4500+10"]

1. d4 d5 2. c4 e6 3. Nf3 Nf6 4. e3 Be7 5. Bd3 O-O 6. O-O Nbd7 7. b3 b6 8.
Bb2 Bb7 9. Nbd2 c5 10. Rc1 Rc8 11. Qe2 Re8 12. Rfd1 cxd4 13. exd4 dxc4 14.
bxc4 Qc7 15. Nb3 h6 16. Bb1 a5 17. Ne5 a4 18. Nd2 a3 19. Ba1 Nxe5 20. dxe5
Nd7 21. Nf3 Nf8 22. Nd4 Bc6 23. Rc3 Red8 24. Rg3 Ba4 25. Qg4 Bg5 26. Rc1
Qxe5 27. Nf3 Qe2 28. Nxg5 Rxc4 29. Qxe2 Rxc1+ 30. Qf1 Rdd1 31. Bd3 Rxf1+
32. Bxf1 Bb5 33. h3 Rxa1 34. Kh2 Bxf1 35. Ne4 Rxa2 36. Rb3 Nd7 37. Rb1 Bd3
38. Rd1 Bxe4 39. Rxd7 Rxf2 40. Rd8+ Kh7 41. Rb8 a2 42. Rxb6 Rxg2+ 43. Kh1
a1=R+ 44. Rb1 Rb2+ 45. Kg1 Bxb1 46. h4 Ba2# { White checkmated } 0-1

[Event "ICC tourney 2266 (75 10)"]
[Site "Internet Chess Club"]
[Date "2021.01.02"]
[Round "2"]
[White "GeorgeDai"]
[Black "marble"]
[Result "0-1"]
[ICCResult "White resigns"]
[WhiteElo "2086"]
[BlackElo "2508"]
[Opening "Robatsch defense: two knights, Suttles variation"]
[ECO "A40"]
[NIC "KF.05"]
[Time "14:31:31"]
[PlyCount "49"]
[TimeControl "4500+10"]

1. d4 g6 2. e4 Bg7 3. Nf3 d6 4. Nc3 c6 5. a4 Bg4 6. Be2 d5 7. e5 e6 8. h3
Bxf3 9. Bxf3 c5 10. Be2 Ne7 11. f4 Nf5 12. Bb5+ Nc6 13. Ne2 Qh4+ 14. Kf1
cxd4 15. Qd3 O-O 16. Bxc6 bxc6 17. g3 Qe7 18. Nxd4 Nxd4 19. Qxd4 f6 20. Kg2
fxe5 21. fxe5 Rf5 22. Re1 c5 23. Qc3 Raf8 24. h4 Rf2+ 25. Kh3 { White
resigns } 0-1

[Event "ICC tourney 2266 (75 10)"]
[Site "Internet Chess Club"]
[Date "2021.01.02"]
[Round "2"]
[White "rayxu"]
[Black "greenninja"]
[Result "0-1"]
[ICCResult "White resigns"]
[WhiteElo "1915"]
[BlackElo "2025"]
[Opening "Sicilian: Canal-Sokolsky attack, Sokolsky variation"]
[ECO "B52"]
[NIC "SI.01"]
[Time "14:31:35"]
[PlyCount "64"]
[TimeControl "4500+10"]

1. e4 c5 2. Nf3 d6 3. Bb5+ Bd7 4. Bxd7+ Qxd7 5. c4 Nf6 6. Nc3 Nc6 7. d4
cxd4 8. Nxd4 g6 9. f3 Bg7 10. Be3 O-O 11. Rc1 a6 12. O-O Rac8 13. Na4 Qd8
14. b3 Nxd4 15. Bxd4 b5 16. cxb5 axb5 17. Rxc8 Qxc8 18. Nc3 e5 19. Nxb5
exd4 20. Qxd4 Nxe4 21. Qxe4 Qc5+ 22. Kh1 Qxb5 23. Rd1 Qa6 24. a4 Rb8 25.
Rc1 Qb7 26. h4 Qxe4 27. fxe4 Rxb3 28. a5 Ra3 29. Rc8+ Bf8 30. Ra8 Kg7 31.
a6 Be7 32. g3 Bf6 { White resigns } 0-1

[Event "ICC tourney 2266 (75 10)"]
[Site "Internet Chess Club"]
[Date "2021.01.02"]
[Round "2"]
[White "annameiyappan"]
[Black "mhebden"]
[Result "0-1"]
[ICCResult "White resigns"]
[WhiteElo "1994"]
[BlackElo "2503"]
[Opening "Two knights defense"]
[ECO "C56"]
[NIC "KP.02"]
[Time "14:31:48"]
[PlyCount "110"]
[TimeControl "4500+10"]

1. e4 e5 2. Nf3 Nc6 3. Bc4 Nf6 4. d4 exd4 5. O-O Nxe4 6. Re1 d5 7. Bxd5
Qxd5 8. Nc3 Qh5 9. Nxe4 Be6 10. Bg5 Bd6 11. Nxd6+ cxd6 12. Bf4 Qd5 13. c3
Kd7 14. cxd4 Bg4 15. Re3 Rhe8 16. Qb3 Qxb3 17. Rxb3 Bxf3 18. Rxb7+ Kc8 19.
Rxf7 Bd5 20. Rxg7 Rg8 21. Rxg8+ Bxg8 22. Bxd6 Nxd4 23. b3 Kb7 24. Rd1 Nc6
25. Bc5 Rd8 26. Rxd8 Nxd8 27. f4 a6 28. Kf2 Kc6 29. Be7 Ne6 30. f5 Nd4 31.
f6 Kd5 32. g4 Ke4 33. h4 Kf4 34. g5 Bf7 35. b4 Kg4 36. a4 Kxh4 37. Ke3 Ne6
38. b5 axb5 39. axb5 Nc7 40. b6 Nd5+ 41. Ke4 Nxb6 42. Kf5 Nd5 43. Bc5 Kg3
44. Ba7 Kf3 45. Bc5 Nc3 46. Bd6 Bg6+ 47. Ke6 Ne4 48. Bb8 Nxg5+ 49. Ke7 Kg4
50. Kf8 Kf5 51. Kg7 Ne6+ 52. Kh6 Kxf6 53. Be5+ Kf5 54. Bf6 Kg4 55. Be7 Nd4
{ White resigns } 0-1

[Event "ICC tourney 2266 (75 10)"]
[Site "Internet Chess Club"]
[Date "2021.01.02"]
[Round "2"]
[White "giorgibagaturov"]
[Black "binomialfactor"]
[Result "1-0"]
[ICCResult "Black checkmated"]
[WhiteElo "2481"]
[BlackElo "2176"]
[Opening "English opening: Agincourt variation"]
[ECO "A13"]
[NIC "RE.09"]
[Time "14:31:39"]
[PlyCount "67"]
[TimeControl "4500+10"]

1. c4 e6 2. Nf3 d5 3. b3 Nf6 4. g3 Be7 5. Bg2 O-O 6. O-O c5 7. Bb2 Nc6 8.
e3 b6 9. Nc3 Bb7 10. cxd5 exd5 11. d4 Re8 12. Rc1 Bf8 13. Qd3 cxd4 14. Nxd4
Nxd4 15. Qxd4 Bc5 16. Qd3 Ne4 17. Rcd1 Nxc3 18. Bxc3 Qg5 19. Bxd5 Rad8 20.
e4 Bxd5 21. exd5 Rd7 22. Qf3 Red8 23. h4 Qg6 24. Rfe1 h6 25. h5 Qd6 26. Re4
a5 27. Rg4 f5 28. Rg6 Qc7 29. d6 Bxd6 30. Qd5+ Kh7 31. Qxf5 Kg8 32. Qe6+
Kh7 33. Rxh6+ gxh6 34. Qg6# { Black checkmated } 1-0

[Event "ICC tourney 2266 (75 10)"]
[Site "Internet Chess Club"]
[Date "2021.01.02"]
[Round "2"]
[White "vedrau"]
[Black "HostilePear"]
[Result "1-0"]
[ICCResult "Black resigns"]
[WhiteElo "2042"]
[BlackElo "1958"]
[Opening "Nimzo-Indian: 4.e3 c5"]
[ECO "E41"]
[NIC "NI.15"]
[Time "14:32:01"]
[PlyCount "57"]
[TimeControl "4500+10"]

1. d4 Nf6 2. c4 e6 3. Nc3 Bb4 4. e3 c5 5. Bd3 Nc6 6. Ne2 cxd4 7. exd4 d5 8.
O-O O-O 9. Bg5 dxc4 10. Bxc4 Be7 11. Re1 h6 12. Bc1 a6 13. Bb3 b6 14. d5
exd5 15. Nxd5 Nxd5 16. Bxd5 Bb7 17. Bf4 Rc8 18. Ng3 Bf6 19. Ne4 Bxb2 20.
Rb1 Ba3 21. Qg4 Kh8 22. Qh5 f5 23. Bxh6 Qxd5 24. Bc1+ Kg8 25. Ng5 Rfe8 26.
Qh7+ Kf8 27. Bxa3+ Ne7 28. Ne6+ Qxe6 29. Rxe6 { Black resigns } 1-0

[Event "ICC tourney 2266 (75 10)"]
[Site "Internet Chess Club"]
[Date "2021.01.02"]
[Round "2"]
[White "AHSRULES"]
[Black "Chesssaga"]
[Result "1-0"]
[ICCResult "Black resigns"]
[WhiteElo "2078"]
[BlackElo "1995"]
[Opening "Ruy Lopez: closed"]
[ECO "C90"]
[NIC "RL.19"]
[Time "14:31:35"]
[PlyCount "97"]
[TimeControl "4500+10"]

1. e4 e5 2. Nf3 Nc6 3. Bb5 a6 4. Ba4 Nf6 5. O-O Be7 6. Re1 b5 7. Bb3 d6 8.
c3 Bg4 9. h3 Bh5 10. d3 O-O 11. Nbd2 Na5 12. Bc2 c5 13. Nf1 Nc6 14. Ne3 Bg6
15. Nh4 Qd7 16. Nxg6 fxg6 17. Bb3+ Kh8 18. Nd5 Rae8 19. Nxf6 Bxf6 20. Be3
Nd8 21. a4 Nc6 22. axb5 axb5 23. Bd5 Ne7 24. Qb3 Nxd5 25. Qxd5 Qe6 26. Qxe6
Rxe6 27. Ra7 Rb8 28. Ra6 c4 29. dxc4 bxc4 30. Rd1 Be7 31. Bc5 h6 32. Bb4
Rc8 33. Rd5 Kg8 34. Bxd6 Bf8 35. Rb6 Kh7 36. Rb8 Rxb8 37. Bxb8 Rb6 38. Bxe5
Rxb2 39. f3 Rb7 40. Kh2 Ra7 41. Rd4 Ra4 42. Rd7 Ra6 43. Rf7 Ra8 44. Rc7 Re8
45. f4 g5 46. Kg3 gxf4+ 47. Kxf4 Be7 48. Kf5 Bg5 49. Rxg7+ { Black resigns
} 1-0

[Event "ICC tourney 2266 (75 10)"]
[Site "Internet Chess Club"]
[Date "2021.01.02"]
[Round "2"]
[White "TjkTiger"]
[Black "e4betterthand4"]
[Result "1-0"]
[ICCResult "Black checkmated"]
[WhiteElo "2597"]
[BlackElo "2130"]
[Opening "QGD: exchange, positional line, 5...c6"]
[ECO "D35"]
[NIC "QO.16"]
[Time "14:32:25"]
[PlyCount "111"]
[TimeControl "4500+10"]

1. c4 e6 2. Nc3 d5 3. d4 Nf6 4. cxd5 exd5 5. Bg5 c6 6. e3 Bd6 7. Bd3 O-O 8.
Nf3 Re8 9. Qc2 h6 10. Bh4 Bg4 11. Bg3 Bxg3 12. hxg3 Nbd7 13. O-O Bxf3 14.
gxf3 c5 15. dxc5 Nxc5 16. Rfd1 Ne6 17. Bb5 Re7 18. Qf5 Nc7 19. Bf1 Rd7 20.
Ne2 Ne6 21. Nd4 Nxd4 22. Rxd4 Qb6 23. b3 Rc7 24. Rad1 Qe6 25. Qf4 Rac8 26.
e4 dxe4 27. Rd8+ Kh7 28. R1d6 Qe7 29. Rxc8 Rxc8 30. Qf5+ g6 31. Qxf6 Qxf6
32. Rxf6 Kg7 33. Rf4 exf3 34. Bc4 f5 35. Rxf3 Kf6 36. Rd3 Rc7 37. Rd6+ Kg5
38. f4+ Kg4 39. Kg2 Re7 40. Rd2 g5 41. Be2+ Rxe2+ 42. Rxe2 gxf4 43. gxf4
Kxf4 44. Re7 h5 45. Rxb7 a5 46. Ra7 h4 47. Rxa5 Kg4 48. Ra8 h3+ 49. Kh2 f4
50. Rg8+ Kf3 51. Kxh3 Ke2 52. Rf8 f3 53. Kg3 Kf1 54. Kxf3 Ke1 55. Rd8 Kf1
56. Rd1# { Black checkmated } 1-0

[Event "ICC tourney 2266 (75 10)"]
[Site "Internet Chess Club"]
[Date "2021.01.02"]
[Round "2"]
[White "KittiesRock18"]
[Black "RogerZ"]
[Result "1/2-1/2"]
[ICCResult "Game drawn by mutual agreement"]
[WhiteElo "1905"]
[BlackElo "1930"]
[Opening "Sicilian: Taimanov variation"]
[ECO "B48"]
[NIC "SI.40"]
[Time "14:32:25"]
[PlyCount "110"]
[TimeControl "4500+10"]

1. e4 c5 2. Nf3 e6 3. d4 cxd4 4. Nxd4 Nc6 5. Nc3 Qc7 6. Be3 a6 7. Bd3 Nf6
8. O-O b5 9. Nxc6 Qxc6 10. a3 Bb7 11. Qe2 Be7 12. f4 O-O 13. e5 Nd5 14.
Nxd5 Qxd5 15. c4 bxc4 16. Bxc4 Qc6 17. Rac1 Bc5 18. Bxc5 Qxc5+ 19. Kh1 Rfc8
20. f5 Qb6 21. f6 g6 22. Qd2 Qd8 23. Rfd1 Rc7 24. b4 Rac8 25. Bd3 Rxc1 26.
Rxc1 Rxc1+ 27. Qxc1 d6 28. Qh6 Qf8 29. Qxf8+ Kxf8 30. exd6 Ke8 31. b5 a5
32. b6 Kd7 33. Bb5+ Kxd6 34. Be8 Ke5 35. Bxf7 Kxf6 36. Bg8 h6 37. h4 Ke5
38. Bf7 g5 39. hxg5 hxg5 40. Kh2 Kd6 41. Kh3 e5 42. Kg4 Bxg2 43. Kxg5 Kc6
44. Kf5 e4 45. Bd5+ Kxb6 46. Bxe4 Bf1 47. Bd5 Kb5 48. Bb3 Bc4 49. Bd1 Bg8
50. Ke5 Kc4 51. Kd6 Kc3 52. Kc5 Bb3 53. Kb5 a4 54. Bf3 Kb2 55. Kb4 Kc2 {
Game drawn by mutual agreement } 1/2-1/2

[Event "ICC tourney 2266 (75 10)"]
[Site "Internet Chess Club"]
[Date "2021.01.02"]
[Round "2"]
[White "largecrab"]
[Black "AJM04"]
[Result "1-0"]
[ICCResult "Black resigns"]
[WhiteElo "2166"]
[BlackElo "2050"]
[Opening "Sicilian: Pelikan, Chelyabinsk variation"]
[ECO "B33"]
[NIC "SI.37"]
[Time "14:31:44"]
[PlyCount "83"]
[TimeControl "4500+10"]

1. e4 c5 2. Nf3 Nc6 3. d4 cxd4 4. Nxd4 Nf6 5. Nc3 e5 6. Ndb5 d6 7. Bg5 a6
8. Na3 b5 9. Nd5 Be7 10. Bxf6 Bxf6 11. c3 O-O 12. Nc2 Rb8 13. Be2 Bg5 14.
O-O Kh8 15. Qd3 g6 16. Rad1 f5 17. Bf3 a5 18. g3 Be6 19. h4 Bh6 20. h5 Qg5
21. hxg6 hxg6 22. Kg2 f4 23. Rh1 Kg7 24. Nc7 Bc4 25. Qxc4 bxc4 26. Ne6+ Kf7
27. Nxg5+ Bxg5 28. Rxd6 Rxb2 29. Rh7+ Kg8 30. Rc7 Ne7 31. Na3 fxg3 32. Kxg3
Rf6 33. Rd8+ Rf8 34. Rd6 Rf6 35. Rdd7 Rf7 36. Nxc4 Rxa2 37. Bg4 Rfxf2 38.
Be6+ Kf8 39. Ne3 Bxe3 40. Bxa2 Rxa2 41. Rxe7 Bf4+ 42. Kf3 { Black resigns }
1-0

[Event "ICC tourney 2266 (75 10)"]
[Site "Internet Chess Club"]
[Date "2021.01.02"]
[Round "2"]
[White "kunalsh"]
[Black "SuperPuzzler"]
[Result "0-1"]
[ICCResult "White checkmated"]
[WhiteElo "2054"]
[BlackElo "1969"]
[Opening "Sicilian: Alapin's variation (2.c3)"]
[ECO "B22"]
[NIC "SI.46"]
[Time "14:32:25"]
[PlyCount "74"]
[TimeControl "4500+10"]

1. e4 c5 2. c3 d5 3. exd5 Qxd5 4. d4 Nf6 5. Nf3 Bg4 6. Be2 e6 7. h3 Bh5 8.
Be3 Be7 9. O-O O-O 10. dxc5 Qxd1 11. Rxd1 Nd5 12. Bd4 Nf4 13. Bf1 Bxf3 14.
gxf3 Nc6 15. Be3 Nd5 16. c4 Nxe3 17. fxe3 Bxc5 18. Kf2 Nb4 19. Na3 Rfd8 20.
Be2 Kf8 21. f4 Ke7 22. Kf3 a6 23. h4 f6 24. h5 Kf7 25. Ke4 f5+ 26. Kf3 Ke7
27. Rg1 Rg8 28. Rgc1 g5 29. hxg6 Rxg6 30. Rh1 h6 31. Rag1 Rag8 32. Rxg6
Rxg6 33. e4 Kf6 34. exf5 exf5 35. Rd1 Ke7 36. Nb1 Nc2 37. Rd5 Ne1# { White
checkmated } 0-1

[Event "ICC tourney 2266 (75 10)"]
[Site "Internet Chess Club"]
[Date "2021.01.02"]
[Round "2"]
[White "creepycrawlies"]
[Black "KRASAVCHIK"]
[Result "0-1"]
[ICCResult "White resigns"]
[WhiteElo "2187"]
[BlackElo "2648"]
[Opening "Nimzo-Indian: classical variation"]
[ECO "E32"]
[NIC "NI.24"]
[Time "14:31:37"]
[PlyCount "106"]
[TimeControl "4500+10"]

1. d4 Nf6 2. c4 e6 3. Nc3 Bb4 4. Qc2 b6 5. a3 Bxc3+ 6. Qxc3 Bb7 7. Bg5 h6
8. Bh4 g5 9. Bg3 Ne4 10. Qc2 d6 11. e3 Nd7 12. f3 Nxg3 13. hxg3 Qe7 14. Ne2
O-O-O 15. O-O-O h5 16. Nc3 h4 17. gxh4 gxh4 18. Bd3 Qg5 19. Qf2 f5 20. Ne2
e5 21. d5 Rdg8 22. Rh2 f4 23. exf4 exf4 24. Nd4 Ne5 25. Be2 Qg3 26. Qxg3
fxg3 27. Rh3 Kb8 28. Bd3 Bc8 29. Ne6 Re8 30. Kd2 Bxe6 31. dxe6 Rxe6 32. f4
Nxd3 33. Kxd3 Kb7 34. f5 Re5 35. Rf1 Rf8 36. Rxh4 Rexf5 37. Rxf5 Rxf5 38.
Rg4 Rf2 39. Rxg3 Rxb2 40. Kc3 Rf2 41. Rg7 Kc6 42. g4 Rf3+ 43. Kb2 Rd3 44.
g5 d5 45. cxd5+ Rxd5 46. g6 Rd6 47. Rg8 a5 48. Kc3 Kb5 49. Kb3 Rd3+ 50. Kb2
Rg3 51. g7 Ka4 52. Rh8 Rg2+ 53. Kc3 Rxg7 { White resigns } 0-1

[Event "ICC tourney 2266 (75 10)"]
[Site "Internet Chess Club"]
[Date "2021.01.02"]
[Round "2"]
[White "dpomerantz135"]
[Black "randomusername"]
[Result "0-1"]
[ICCResult "White resigns"]
[WhiteElo "2238"]
[BlackElo "2132"]
[Opening "Caro-Kann: advance variation"]
[ECO "B12"]
[NIC "CK.04"]
[Time "14:31:47"]
[PlyCount "82"]
[TimeControl "4500+10"]

1. e4 c6 2. d4 d5 3. e5 Bf5 4. Nf3 e6 5. Be2 Ne7 6. O-O Nd7 7. Nbd2 h6 8.
Nb3 g5 9. Bd2 Bg7 10. a4 O-O 11. Ne1 f6 12. exf6 Nxf6 13. g4 Bh7 14. Nd3
Ne4 15. Be3 b6 16. Ne5 c5 17. f3 cxd4 18. Bxd4 Nc5 19. Nc1 Qd6 20. b4 Bxe5
21. bxc5 bxc5 22. Bxe5 Qxe5 23. Nd3 Qe3+ 24. Kh1 c4 25. Ne1 Nc6 26. Ng2 Qc3
27. f4 Nd4 28. f5 exf5 29. Ra3 Qxa3 30. Qxd4 Rad8 31. Ne3 Qd6 32. Bf3 Bg6
33. Bxd5+ Kh7 34. gxf5 Bf7 35. Rd1 Bxd5+ 36. Nxd5 Rxf5 37. Qxa7+ Kh8 38.
Qd4+ Qe5 39. Qxc4 Rxd5 40. Qc8+ Kg7 41. Qb7+ Kg6 { White resigns } 0-1

[Event "ICC tourney 2266 (75 10)"]
[Site "Internet Chess Club"]
[Date "2021.01.02"]
[Round "2"]
[White "edmehu"]
[Black "BlueJay01"]
[Result "1/2-1/2"]
[ICCResult "Game drawn by mutual agreement"]
[WhiteElo "2212"]
[BlackElo "2098"]
[Opening "Giuoco Piano"]
[ECO "C50"]
[NIC "IG.02"]
[Time "14:31:55"]
[PlyCount "45"]
[TimeControl "4500+10"]

1. e4 e5 2. Nf3 Nc6 3. Bc4 Bc5 4. O-O Nf6 5. d3 d6 6. c3 O-O 7. a4 a6 8.
Bg5 h6 9. Bh4 Ba7 10. Re1 Be6 11. Na3 Qe7 12. b4 Nb8 13. d4 Nbd7 14. Bxe6
Qxe6 15. Nc2 Rfe8 16. h3 Nf8 17. d5 Qe7 18. Ne3 Bxe3 19. Rxe3 Ng6 20. g3
Nxh4 21. Nxh4 g6 22. Qb3 Kg7 23. Rc1 { Game drawn by mutual agreement }
1/2-1/2

[Event "ICC tourney 2266 (75 10)"]
[Site "Internet Chess Club"]
[Date "2021.01.02"]
[Round "2"]
[White "Blue-Elephant1"]
[Black "tirantes"]
[Result "0-1"]
[ICCResult "White resigns"]
[WhiteElo "2120"]
[BlackElo "2423"]
[Opening "Old Indian defense"]
[ECO "A53"]
[NIC "OI.04"]
[Time "14:31:36"]
[PlyCount "70"]
[TimeControl "4500+10"]

1. d4 Nf6 2. c4 d6 3. Nc3 Nbd7 4. e4 e5 5. d5 Nc5 6. f3 a5 7. b3 g6 8. Be3
Bg7 9. Bd3 Nxd3+ 10. Qxd3 b6 11. Nge2 Nd7 12. O-O Nc5 13. Qc2 Bd7 14. a3 a4
15. b4 Nb3 16. Rad1 O-O 17. Nc1 Nd4 18. Bxd4 exd4 19. N3e2 f5 20. Nxd4 fxe4
21. Qxe4 Qf6 22. Nce2 Rae8 23. Qd3 Qg5 24. f4 Qe7 25. Ng3 Qe3+ 26. Kh1 Bh6
27. Qxe3 Rxe3 28. f5 Rxa3 29. Ne6 Rf7 30. fxg6 hxg6 31. Rxf7 Kxf7 32. Nxc7
Re3 33. Kg1 a3 34. Nf1 Rb3 35. Ra1 Bg7 { White resigns } 0-1

[Event "ICC tourney 2266 (75 10)"]
[Site "Internet Chess Club"]
[Date "2021.01.02"]
[Round "2"]
[White "Volkov"]
[Black "PawnEatingZombi"]
[Result "1/2-1/2"]
[ICCResult "Game drawn by mutual agreement"]
[WhiteElo "2607"]
[BlackElo "2190"]
[Opening "QGD: 3.Nc3"]
[ECO "D31"]
[NIC "QP.08"]
[Time "14:31:41"]
[PlyCount "108"]
[TimeControl "4500+10"]

1. d4 d5 2. c4 e6 3. Nc3 Bb4 4. e3 Nf6 5. a3 Bxc3+ 6. bxc3 c6 7. Nf3 O-O 8.
Nd2 b6 9. Bd3 Ba6 10. O-O Nbd7 11. a4 e5 12. a5 Qc8 13. Bb2 Re8 14. Qc2 b5
15. c5 e4 16. Be2 Nf8 17. f4 Ng4 18. Bxg4 Qxg4 19. Qd1 Qxd1 20. Rfxd1 b4
21. cxb4 Rab8 22. Bc3 f5 23. Nf1 Ne6 24. Ng3 g6 25. Rd2 Rb7 26. h3 Kf7 27.
Nh1 h5 28. g3 Kf6 29. Rg2 g5 30. Be1 g4 31. Rh2 Kg6 32. Nf2 Rbb8 33. Nd1
Nc7 34. Raa2 Rh8 35. Rh1 Rh7 36. Rah2 Rbh8 37. Nc3 Bb5 38. Bd2 a6 39. Kf2
Rh6 40. Ke1 Bc4 41. Na4 Ne8 42. Nb6 Nf6 43. hxg4 hxg4 44. Rxh6+ Rxh6 45.
Rxh6+ Kxh6 46. Nc8 Ng8 47. Nd6 Ne7 48. Kd1 Bb5 49. Kc2 Kg7 50. Kb3 Kf6 51.
Be1 Ke6 52. Kc3 Kd7 53. Kb3 Ke6 54. Kb2 Kd7 { Game drawn by mutual
agreement } 1/2-1/2